 Dungeon Crawl Stone Soup version 0.31-a0-187-gba352fbbf7 (webtiles) character file.

Game seed: 16244795014984435979

411 qw the Skirmisher (level 6, -4/36 HPs)
             Began as a Deep Elf Hunter on June 22, 2023.
             Was an Initiate of Okawaru.
             Slain by a gnoll sergeant
             ... wielding a +2 heavy spear
              (11 damage)
             ... on level 5 of the Dungeon.
             The game lasted 00:01:31 (3935 turns).

qw the Skirmisher (Deep Elf Hunter)                 Turns: 3935, Time: 00:01:32

Health: -4/36      AC: 11    Str: 16    XL:     6   Next: 58%
Magic:  8/8        EV: 10    Int: 14    God:    Okawaru [......]
Gold:   56         SH:  0    Dex: 18    Spells: 5/5 levels left

rFire   . . .        Y - +0 shortbow
rCold   . . .        (shield currently unavailable)
rNeg    . . .        d - +0 scale mail
rPois   .            n - +0 helmet {SInv}
rElec   .            k - +2 cloak
rCorr   .            g - +0 pair of gloves
SInv    +            (no boots)
Will    .....        (no amulet)
Stlth   +            f - +6 ring of strength
HPRegen 0.26/turn    (no ring)
MPRegen 0.11/turn

%: no passive effects
@: about to teleport
A: no striking features
a: Renounce Religion


You were on level 5 of the Dungeon.
You worshipped Okawaru.
Okawaru was noncommittal.
You visited 2 branches of the dungeon, and saw 6 of its levels.

You collected 114 gold pieces.
You spent 58 gold pieces at shops.


   Skills:
 - Level 2.7 Fighting
 + Level 9.4 Ranged Weapons
 - Level 1.2 Armour
 - Level 2.4 Dodging
 - Level 1.2 Stealth


You had 5 spell levels left.
You didn't know any spells.
Your spell library was empty.

Inventory:

Hand Weapons
 Y - a +0 shortbow (weapon)
Armour
 b - a +1 helmet
 d - a +0 scale mail (worn)
 g - a +0 pair of gloves (worn)
 k - a +2 cloak (worn)
 n - a +0 helmet of see invisible (worn)
Jewellery
 f - a +6 ring of strength (left hand)
Scrolls
 a - a scroll of identify
 j - a scroll of teleportation
Potions
 c - a potion of haste
 e - a potion of lignification {unknown}
 h - 2 potions of resistance
 i - a potion of cancellation {unknown}
 l - 3 potions of curing
 o - a potion of mutation

Dungeon Overview and Level Annotations

Branches:
Dungeon (5/15)             Temple (1/1) D:4

Altars:
Dithmenos
Elyvilon
Fedhas
Hepliaklqana
Kikubaaqudgha
Makhleb
Okawaru
Qazlal
Ru
Uskayaw
Wu Jian
Xom
Yredelemnul
Zin
The Shining One

Shops:
D:4 *


Message History

Okawaru accepts your kill.
You hear a shout!
The gnoll sergeant hits you from afar with a +2 heavy spear.
A gnoll comes into view. It is wielding a +0 halberd.
3922 ||| Stepping ~*~*~tactically~*~*~ (outnumbered).
You shoot an arrow.
The arrow hits the gnoll sergeant but does no damage.
The gnoll sergeant hits you from afar with a +2 heavy spear.
You shoot an arrow. The gnoll sergeant blocks the arrow.
You shoot an arrow.
The arrow hits the gnoll sergeant but does no damage.
The gnoll sergeant barely misses you.
You shoot an arrow. The gnoll sergeant blocks the arrow.
The gnoll sergeant closely misses you.
You shoot an arrow. The arrow hits the gnoll sergeant.
The gnoll sergeant is lightly wounded.
The gnoll sergeant barely misses you.
You shoot an arrow. The gnoll sergeant blocks the arrow.
You shoot an arrow.
The arrow hits the gnoll sergeant but does no damage.
The gnoll sergeant is lightly wounded.
The gnoll sergeant closely misses you.
You shoot an arrow. The gnoll sergeant blocks the arrow.
The gnoll sergeant hits you from afar with a +2 heavy spear.
You shoot an arrow.
The arrow barely misses the gnoll sergeant.
The gnoll sergeant hits you from afar with a +2 heavy spear.
You shoot an arrow. The arrow hits the gnoll sergeant.
The gnoll sergeant is moderately wounded.
You shoot an arrow.
The arrow hits the gnoll sergeant but does no damage.
The gnoll sergeant is moderately wounded.
The gnoll sergeant misses you.
You shoot an arrow. The gnoll sergeant blocks the arrow.
The gnoll sergeant hits you from afar with a +2 heavy spear!
3935 ||| READING 2 scrolls of teleportation.
As you read the scroll of teleportation, it crumbles to dust.
You feel strangely unstable.
The gnoll sergeant hits you from afar with a +2 heavy spear!
You die...

##### #
####...###g####
........g)g....
#....#
##..@#######
#.###..........
#.....########
#.#.###.####
#.........##
######.....#
####..# #..#
#..#


You could see a gnoll sergeant.

Vanquished Creatures
  An ogre (D:4)
  A howler monkey (D:4)
  2 hounds (D:4)
  2 iguanas (D:4)
  5 gnolls
  5 adders
  An orc (D:4)
  5 endoplasms
  3 giant cockroaches
  8 goblins
  8 hobgoblins
  10 jackals
  3 quokkas
  6 ball pythons
  7 bats
  4 frilled lizards
  10 kobolds
  4 rats
85 creatures vanquished.

Notes
Turn   | Place    | Note
-------+----------+-------------------------------------------
     0 | D:1      | qw the Deep Elf Hunter began the quest for the Orb.
     0 | D:1      | Reached XP level 1. HP: 12/12 MP: 3/3
     0 | D:1      | 0 ||| qw: Version: 0.3-a-9-g12657ce
     0 | D:1      | 0 ||| qw: Game counter: 2549
     0 | D:1      | 0 ||| qw: Always use a shield: true
     0 | D:1      | 0 ||| qw: God list: Okawaru
     0 | D:1      | 0 ||| qw: Allow faded altars: false
     0 | D:1      | 0 ||| qw: Do Orc after D:15 true
     0 | D:1      | 0 ||| qw: Do second Lair branch before Depths: true
     0 | D:1      | 0 ||| qw: Lair rune preference: random
     0 | D:1      | 0 ||| qw: Plans: Normal
     0 | D:1      | 0 ||| PLANNING D:1-11
    61 | D:1      | Reached skill level 6 in Ranged Weapons
    61 | D:1      | Reached XP level 2. HP: 7/16 MP: 4/4
   305 | D:1      | 305 ||| FLEEEEING.
   306 | D:1      | 306 ||| FLEEEEING.
   307 | D:1      | 307 ||| FLEEEEING.
   308 | D:1      | 308 ||| FLEEEEING.
   496 | D:1      | Reached XP level 3. HP: 18/20 MP: 5/5
   834 | D:1      | 834 ||| UPGRADING to +0 scale mail.
   844 | D:1      | 844 ||| DROPPING +0 leather armour.
   845 | D:1      | 845 ||| UPGRADING to +2 cloak.
   850 | D:1      | 850 ||| UPGRADING to +6 ring of strength.
   851 | D:1      | 851 ||| READING 2 scrolls labelled MEWONO QIWKOHU.
   852 | D:1      | 852 ||| READING scroll labelled UPIUGO AZOE.
   853 | D:1      | 853 ||| READING scroll labelled IDAIGIEHUWN.
   854 | D:1      | 854 ||| READING scroll labelled TYGUTU TOTT.
   859 | D:1      | 859 ||| DRINKING 2 fizzy yellow potions.
   860 | D:1      | 860 ||| DRINKING 2 fuming white potions.
   861 | D:1      | 861 ||| DROPPING scroll of butterflies.
   916 | D:2      | Reached skill level 7 in Ranged Weapons
  1227 | D:2      | Found a faded altar of an unknown god.
  1665 | D:2      | 1665 ||| UPGRADING to +0 pair of gloves.
  1670 | D:2      | 1670 ||| DROPPING ring of magical power.
  1671 | D:2      | 1671 ||| READING scroll labelled SUSEST ATANT.
  1672 | D:2      | 1672 ||| READING 2 scrolls of identify.
  1672 | D:2      | 1672 ||| IDENTIFYING golden potion
  1673 | D:2      | 1673 ||| DROPPING potion of brilliance.
  1675 | D:2      | 1675 ||| Stepping ~*~*~tactically~*~*~ (cloud).
  1683 | D:2      | HP: 5/20 [poisoned by you (poison gas)]
  1938 | D:3      | Reached XP level 4. HP: 25/25 MP: 6/6
  2593 | D:3      | 2593 ||| READING scroll labelled GENO XEUJUAMAWK.
  2662 | D:4      | Reached skill level 8 in Ranged Weapons
  2665 | D:4      | 2665 ||| STAIRDANCE
  2756 | D:4      | Reached skill level 1 in Armour
  2756 | D:4      | Reached XP level 5. HP: 29/29 MP: 7/7
  2926 | D:4      | Found a staircase to the Ecumenical Temple.
  2927 | D:4      | 2927 ||| PLANNING TEMPLE
  2950 | D:4      | Reached skill level 9 in Ranged Weapons
  2950 | D:4      | 2950 ||| FLEEEEING.
  2957 | D:4      | 2957 ||| STAIRDANCE
  2969 | D:3      | 2969 ||| UPGRADING to +1 helmet.
  3044 | D:4      | Noticed an ogre
  3050 | D:4      | Killed an ogre
  3051 | D:4      | Reached XP level 6. HP: 36/36 MP: 8/8
  3127 | Temple   | Entered the Ecumenical Temple
  3274 | Temple   | 3274 ||| PLANNING OKAWARU WORSHIP
  3397 | Temple   | Became a worshipper of Warmaster Okawaru
  3398 | Temple   | 3398 ||| PLANNING D:1-11
  3591 | D:4      | Found an ornate altar of the Wu Jian Council.
  3674 | D:4      | Found Jeahuwk's CLEARANCE SALE!.
  3681 | D:4      | 3681 ||| BUYING +0 helmet of see invisible (34 gold).
  3681 | D:4      | Bought a +0 helmet of see invisible for 34 gold pieces
  3681 | D:4      | 3681 ||| BUYING potion of mutation (24 gold).
  3681 | D:4      | Bought a potion of mutation for 24 gold pieces
  3732 | D:4      | 3732 ||| UPGRADING to +0 helmet of see invisible.
  3742 | D:4      | 3742 ||| DRINKING 2 fizzy pink potions.
  3846 | D:4      | 3846 ||| READING 2 scrolls of identify.
  3846 | D:4      | 3846 ||| IDENTIFYING inky potion
  3847 | D:4      | 3847 ||| DROPPING potion of berserk rage.
  3860 | D:5      | Entered Level 5 of the Dungeon
  3867 | D:5      | 3867 ||| STAIRDANCE
  3922 | D:5      | 3922 ||| Stepping ~*~*~tactically~*~*~ (outnumbered).
  3934 | D:5      | HP: 7/36 [gnoll sergeant/+2 heavy spear (9)]
  3935 | D:5      | 3935 ||| READING 2 scrolls of teleportation.
  3935 | D:5      | Slain by a gnoll sergeant

Levels and vault maps discovered:
D:1:      ncdulo_lavacross, layout_loops_ring
D:2:      layout_loops_ring, shapermc_ecumenical_altar_hornbeckon
D:3:      layout_loops_ring, serial_rivers, chequers_serial_rivers_micro_a,
          chequers_serial_rivers_micro_b, chequers_serial_rivers_micro_b,
          chequers_serial_rivers_small_b, chequers_serial_rivers_small_3,
          chequers_serial_rivers_large_a, nicolae_the_louvre
D:4:      layout_loops_cross, nzn_wu_jian_council_hall,
          minmay_temple_entry_statues, nicolae_shop_clearance
D:5:      layout_loops_ring, uniq_eustachio
Temple:   minmay_temple_curvy_branch

Skill      XL: |  1  2  3  4  5 |
---------------+----------------+-----
Ranged Weapons | 6 7 8 9 |  9.4
Armour         | 1 |  1.2
Fighting       | 2 |  2.7
Dodging        | |  2.4
Stealth        | |  1.2

Action                     |  1- 3 |  4- 6 || total
---------------------------+-------+-------++-------
   Fire: Shortbow          |   166 |   158 ||   324
    Use: Scroll            |     6 |     3 ||     9
         Potion            |     2 |     1 ||     3
 Armour: Leather armour    |    15 |       ||    15
         Scale mail        |    18 |    25 ||    43
  Dodge: Dodged            |    62 |    58 ||   120

Table legend:
 A = Non-vault XP
 B = Vault XP
 C = Vault XP percentage of total XP
 D = Non-vault monster count
 E = Vault monster count
 F = Vault count percentage of total count
                 A         B        C        D         E       F
            +---------+---------+-------+---------+---------+-------
      Total |     588 |       0 |   0.0 |      85 |       0 |   0.0
            +---------+---------+-------+---------+---------+-------
        D:1 |      57 |       0 |   0.0 |      34 |       0 |   0.0
        D:2 |      36 |       0 |   0.0 |      16 |       0 |   0.0
        D:3 |      26 |       0 |   0.0 |       8 |       0 |   0.0
        D:4 |     428 |       0 |   0.0 |      24 |       0 |   0.0
        D:5 |      41 |       0 |   0.0 |       3 |       0 |   0.0
            +---------+---------+-------+---------+---------+-------
